 Dungeon Crawl Stone Soup version 0.31-a0-1176-gb7303255ee (webtiles) character file.

Game seed: 17090365313962881639

415 MacCMillion the Chopper (level 6, -6/51 HPs)
             Began as a Ghoul Fighter on Dec 11, 2023.
             Was an Initiate of Okawaru.
             Mangled by an ogre
             ... wielding a +0 giant spiked club
              (10 damage)
             ... on level 4 of the Dungeon.
             The game lasted 00:08:10 (3550 turns).

MacCMillion the Chopper (Ghoul Fighter)             Turns: 3550, Time: 00:08:10

Health: -6/51      AC:  8    Str: 28    XL:     6   Next: 92%
Magic:  5/5        EV:  8    Int:  7    God:    Okawaru [......]
Gold:   258        SH:  9    Dex:  8    Spells: 5/5 levels left

rFire   . . .        a - +0 war axe
rCold   + . .        c - +0 buckler
rNeg    + + +        o - +0 chain mail
rPois   ∞            (no helmet)
rElec   .            (no cloak)
rCorr   +            (no gloves)
SInv    .            (no boots)
Will    ++...        p - amulet of reflection Stlth
                     b - ring "Totuv" {Fly Will++ rCorr Str+6 Stlth-}
HPRegen 0.00/turn    (no ring)
MPRegen 0.09/turn

%: reflection
@: mighty, flying, inhibited regen
A: claws 1, cold resistance 1, negative energy resistance 3, inhibited
regeneration, torment resistance 2, devour on kill
a: Renounce Religion


You were on level 4 of the Dungeon.
You worshipped Okawaru.
Okawaru was noncommittal.
You visited 2 branches of the dungeon, and saw 6 of its levels.

You collected 258 gold pieces.

Inventory:

Hand Weapons
 a - a +0 war axe (weapon)
Missiles
 m - 9 poisoned darts
 q - 3 javelins
Armour
 c - a +0 buckler (worn)
 o - a +0 chain mail (worn)
Jewellery
 b - the ring "Totuv" (left claw) {Fly Will++ rCorr Str+6 Stlth-}
   (You took it off a hobgoblin on level 4 of the Dungeon)

   [ring of strength]

   Str+6:     It affects your strength (+6).
   Will++:    It greatly increases your willpower.
   Fly:       It grants you flight.
   rCorr:     It protects you from acid and corrosion.
   Stlth-:    It makes you less stealthy.
 p - an amulet of reflection (around neck)
Scrolls
 e - 2 scrolls of revelation {unknown}
 f - 2 scrolls of teleportation {unknown}
 g - a scroll of silence {unknown}
 i - a scroll of blinking {unknown}
 j - 2 scrolls of vulnerability {unknown}
 l - a scroll of identify {unknown}
Potions
 h - 2 potions of curing {unknown}
 k - 2 potions of cancellation {unknown}
 n - 2 potions of attraction {unknown}
 r - a potion of magic {unknown}


   Skills:
 - Level 3.2 Fighting
 + Level 5.8 Axes
 - Level 2.6 Armour
 - Level 4.0 Shields


You had 5 spell levels left.
You didn't know any spells.
Your spell library contained the following spells:

 Spells                   Type           Power      Damage    Failure   Level
 Ignite Poison            Fire/Tmut/Pois 0%         N/A       100%        3
 Sticky Flame             Conj/Fire      0%         2d3       100%        4
 Ignition                 Fire           0%         3d3       100%        8
 Malign Gateway           Summ/Tloc      Unusable   N/A       N/A         7
 Summon Horrible Things   Summ           Unusable   N/A       N/A         8

Dungeon Overview and Level Annotations

Branches:
Dungeon (5/15)             Temple (1/1) D:5

Altars:
Ashenzari
Fedhas
Gozag
Hepliaklqana
Nemelex Xobeh
Okawaru
Trog
Yredelemnul


Innate Abilities, Weirdness & Mutations

You are immune to poison.
You have sharp fingernails.
Your flesh is cold resistant. (rC+)
You are immune to negative energy. (rN+++)
You do not regenerate when monsters are visible.
You are immune to unholy pain and torment.
You thrive by killing the living.


Message History

The orc priest hits you with a +0 hand axe.
* * * LOW HITPOINT WARNING * * *
You closely miss the orc priest.
The orc priest is almost dead.
The orc priest invokes the aid of Beogh against you.
Beogh smites you!
* * * LOW HITPOINT WARNING * * *
You closely miss the orc priest.
The orc priest is almost dead.
The orc priest hits you with a +0 hand axe.
* * * LOW HITPOINT WARNING * * *
You hit the orc priest.
You kill the orc priest!
Okawaru accepts your kill.
Unknown command.
There is an open door here.
There is an open door here.
There is an open door here.
There is an open door here.
There is an open door here.
There is an open door here.
There is a stone staircase leading up here.
You fly upwards.
The ogre hits you with a +0 giant spiked club!!
* * * LOW HITPOINT WARNING * * *
There is a stone staircase leading down here.
An ogre is nearby!
The ogre attacks as it pursues you! The ogre barely misses you.
Okay, then.
You feel very mighty all of a sudden. The ogre barely misses you.
You hit the ogre.
The ogre is moderately wounded.
You block the ogre's attack.
You barely miss the ogre.
The ogre is moderately wounded.
You slash the ogre!
The ogre is severely wounded.
The ogre hits you with a +0 giant spiked club!
You die...

..## ##.###.#### #..#
#.##...... ##.##
#.###.#### ##..########
#.# ### ?...O......# #.#
###.####.#.##########
#.# .... #..........>.#
#.# ...$..
#..#......O#.# #.#
.......#..#.....@.#)#
..._...#..#.............
.......#..#.......#.####
.......#..#.......#.# ..
#.....######.# ###^####
.#.........# ........
#####.##### .####### #.#
.# #.#


You could see an ogre.

Vanquished Creatures
  A phantom (D:4)
  2 orc priests (D:5)
  A hound (D:5)
  2 jellies (D:4)
  Jessica (D:2)
  2 orc wizards
  5 adders
  2 worms
  3 dart slugs (D:1)
  2 orcs
  3 ball pythons
  6 endoplasms
  5 giant cockroaches
  9 goblins
  6 hobgoblins
  5 kobolds
  7 quokkas
  4 bats (D:1)
  A frilled lizard (D:2)
  3 rats
  A spectral goblin (D:1)
71 creatures vanquished.

Notes
Turn   | Place    | Note
-------+----------+-------------------------------------------
     0 | D:1      | MacCMillion the Ghoul Fighter began the quest for the Orb.
     0 | D:1      | Reached XP level 1. HP: 19/19 MP: 0/0
    43 | D:1      | Found a faded altar of an unknown god.
   114 | D:1      | Reached skill level 2 in Axes
   177 | D:1      | Reached XP level 2. HP: 26/26 MP: 1/1
   535 | D:1      | Reached XP level 3. HP: 30/31 MP: 2/2
  1204 | D:2      | Reached skill level 3 in Axes
  1204 | D:2      | Reached XP level 4. HP: 37/38 MP: 3/3
  1459 | D:2      | Noticed Jessica
  1473 | D:2      | Killed Jessica
  1859 | D:3      | Found a broken altar of Ashenzari.
  2022 | D:3      | Reached XP level 5. HP: 45/45 MP: 4/4
  2284 | D:4      | Reached skill level 4 in Axes
  2676 | D:4      | Identified the ring "Totuv" {Fly Will++ rCorr Str+6 Stlth-}
  2781 | D:4      | Noticed an ogre
  2918 | D:4      | Noticed a phantom
  2942 | D:4      | Killed a phantom
  2943 | D:4      | Reached skill level 5 in Axes
  2943 | D:4      | Reached XP level 6. HP: 38/51 MP: 5/5
  3199 | D:4      | Found a basalt altar of Yredelemnul.
  3218 | D:5      | Entered Level 5 of the Dungeon
  3245 | D:5      | Found a staircase to the Ecumenical Temple.
  3251 | Temple   | Entered the Ecumenical Temple
  3259 | Temple   | Became a worshipper of Warmaster Okawaru
  3305 | D:5      | Found a hazy altar of Hepliaklqana.
  3550 | D:4      | Mangled by an ogre

Illustrated notes

Levels and vault maps discovered:
D:1:      minmay_arrival_doors, layout_loops_corners,
          dreamdust_ecumenical_altar_drowned_temple, serial_bayou_lake_a
D:2:      layout_basic, basic_altar, uniq_jessica
D:3:      layout_rooms, evilmike_ruin_ashenzari, minmay_tree_intersection,
          kennysheep_generic_room_8
D:4:      layout_loops_corners, lemuel_tele_altar, kennysheep_generic_room_16
D:5:      minmay_diamond_boxcup, layout_gridville,
          nicolae_hepliaklqana_hippocampus, minmay_temple_entry_hall,
          kennysheep_another_room
Temple:   nicolae_temple_two_arcs

Skill      XL: |  1  2  3  4  5 |
---------------+----------------+-----
Axes           | 2 3 5 |  5.8
Shields        | 3 4 |  4.0
Fighting       | |  3.2
Armour         | |  2.6

Action                     |  1- 3 |  4- 6 || total
---------------------------+-------+-------++-------
  Melee: War axe           |   101 |   150 ||   251
    Use: Potion            |       |     1 ||     1
 Armour: Scale mail        |    47 |    39 ||    86
         Chain mail        |       |    58 ||    58
  Dodge: Dodged            |    46 |    55 ||   101
  Block: Buckler           |    19 |    30 ||    49

Table legend: (Time is in decaauts)
 A = Elapsed time spent in this place.
 B = Non-inter-level travel time spent in this place.
 C = Inter-level travel time spent in this place.
 D = Time resting spent in this place.
 E = Time spent auto-exploring this place.
 F = Levels seen in this place.
 G = Mean time per level.
                   A        B        C        D        E       F      G
               +--------+--------+--------+--------+--------+-----+--------+
         Total |   3671 |   3512 |    159 |    460 |   2268 |   6 |  611.8 |
       Dungeon |   3655 |   3496 |    159 |    460 |   2268 |   5 |  731.0 |
        Temple |     16 |     16 |      0 |      0 |      0 |   1 |   16.0 |
               +--------+--------+--------+--------+--------+-----+--------+

Top non-repeatable levels by time:
     D:1: 1045 daAuts
     D:4: 1037 daAuts
     D:2: 674 daAuts
     D:3: 580 daAuts
     D:5: 317 daAuts
  Temple: 16 daAuts
